 Dungeon Crawl Stone Soup version bcrawl-1.21 (webtiles) character file.

Game seed: 5223846857619841577

740 Freyura the Cudgeler (level 7, -9/54 HPs)
             Began as a Demonspawn Gladiator on Feb 8, 2020.
             Mangled by Duvessa
             ... wielding a +0 rapier
              (14 damage)
             ... on level 4 of the Dungeon.
             The game lasted 00:08:11 (3573 turns).

Freyura the Cudgeler (Demonspawn Gladiator)         Turns: 3573, Time: 00:08:12

Health: -9/54      AC:  7    Str: 15    XL:     7   Next: 46%
Magic:  0/7        EV: 16    Int:  9    God:
Gold:   256        SH:  0    Dex: 16    Spells: 6/6 levels left

rFire    . . .     SeeInvis .   k - +0 whip (elec)
rCold    . . .     Gourm    .   (no shield)
rNeg     . . .     Faith    .   p - +0 ring mail
rPois    .         Spirit   +   c - +1 helmet
rElec    .         Reflect  .   (no cloak)
rCorr    .         Harm     .   (no gloves)
MR       .....                  (no boots)
Stlth    +++.......             (no amulet)
HPRegen  0.18/turn              m - ring of stealth
MPRegen  0.10/turn              (no ring)

@: no status effects
A: repulsion field 2, magic shield, rot immunity
a: no special abilities


You were on level 4 of the Dungeon.
You were not hungry.

You visited 1 branch of the dungeon, and saw 4 of its levels.

You collected 256 gold pieces.

Inventory:

Hand Weapons
 k - a +0 whip of electrocution (weapon)
 s - a +1 whip of venom
Missiles
 d - 3 throwing nets (quivered) {!f}
Armour
 c - a +1 helmet (worn)
 p - a +0 ring mail (worn)
Jewellery
 m - a ring of stealth (left hand)
Wands
 h - a wand of polymorph (6)
Scrolls
 a - a scroll of enchant armour
Potions
 b - a potion of invisibility {unknown}
 f - a potion of might {unknown}
 g - a potion of magic {unknown}
 i - 2 potions of heal wounds {unknown}
 j - 6 potions of curing
 l - a potion of haste {unknown}
Comestibles
 e - 10 rations {!d}


   Skills:
 + Level 4.1 Fighting
 * Level 5.5 Maces & Flails
 - Level 1.7 Throwing
 + Level 3.0 Armour
 + Level 4.3 Dodging


You had 6 spell levels left.
You didn't know any spells.
Your spell library was empty.

Dungeon Overview and Level Annotations

Branches:
Dungeon (4/12)
 Temple: D:4-7

Altars:
Elyvilon
Fedhas
Gozag
Nemelex Xobeh
Qazlal
Yredelemnul
The Shining One

Annotations:
D:4 Duvessa


Innate Abilities, Weirdness & Mutations

You are surrounded by a moderate repulsion field. (EV +3)
When hurt, damage is shared between your health and your magic reserves.
You are immune to rotting.


Message History

Duvessa is severely wounded.
The adder skeleton completely misses you.
Duvessa hits you with a +0 rapier.
You hit Duvessa but do no damage.
Duvessa is severely wounded.
Duvessa hits you with a +0 rapier!
* * * LOW HITPOINT WARNING * * *
The adder skeleton closely misses you.
You hit Duvessa but do no damage. Lightning courses through Duvessa!!
Duvessa is almost dead.
Duvessa misses you.
The adder skeleton completely misses you.
You hit Duvessa but do no damage.
Duvessa is almost dead.
Duvessa hits you with a +0 rapier!
* * * LOW HITPOINT WARNING * * *
You closely miss Duvessa.
Duvessa is almost dead.
The adder skeleton barely misses you. Duvessa hits you with a +0 rapier!
You die...

# #...# #.. .# #
#...# ... ... #
#)..# #.###..
##...# #.#...
#####....#####.#.#
....#'#..........#
....'_+..........#
รท...#+#.(...p....#
#.###....#######@#
#.# ##...# #eZ....#
#.# ...... .......#
#.#.#.....
#.##.##.#
#.#.#..... #. .# #
..#.#.....# #. ..
..#.#.....### #. ##
#.#.........###.
#.#..........#


You could see Duvessa (berserk), an adder skeleton and a neutral freed slave
(wandering).

Vanquished Creatures
  Pikel (D:4)
  An ogre (D:2)
  A scorpion (D:4)
  Dowan (D:4)
  An orc priest (D:3)
  2 adders (D:3)
  3 dart slugs
  2 worms
  4 leopard geckos
  6 orcs
  4 giant cockroaches
  10 goblins
  6 hobgoblins
  7 kobolds
  4 quokkas
  A ball python (D:3)
  9 bats
  9 frilled lizards
  A jackal skeleton (D:4)
  9 rats
82 creatures vanquished.

Vanquished Creatures (others)
  An adder (D:4)
1 creature vanquished.

Grand Total: 83 creatures vanquished

Notes
Turn   | Place    | Note
-------+----------+-------------------------------------------
     0 | D:1      | Freyura the Demonspawn Gladiator began the quest for the
                  | Orb.
     0 | D:1      | Reached XP level 1. HP: 16/16 MP: 1/1
   340 | D:1      | Gained mutation: You are surrounded by a mild repulsion
                  | field. (EV +2) [demonic ancestry]
   340 | D:1      | Reached XP level 2. HP: 22/22 MP: 2/2
   384 | D:1      | Reached skill level 3 in Maces & Flails
   765 | D:1      | Gained mutation: You are surrounded by a moderate repulsion
                  | field. (EV +3) [demonic ancestry]
   765 | D:1      | Reached XP level 3. HP: 28/28 MP: 3/3
   853 | D:1      | Reached skill level 1 in Armour
  1148 | D:2      | Found an opulent altar of Gozag.
  1181 | D:2      | Noticed an ogre
  1194 | D:2      | Killed an ogre
  1194 | D:2      | Gained mutation: You are immune to rotting. [demonic
                  | ancestry]
  1194 | D:2      | Reached XP level 4. HP: 8/34 MP: 4/4
  1455 | D:2      | Found a sparkling altar of Nemelex Xobeh.
  1697 | D:2      | Reached XP level 5. HP: 39/40 MP: 5/5
  2368 | D:3      | Found a basalt altar of Yredelemnul.
  2403 | D:3      | Reached skill level 4 in Maces & Flails
  2564 | D:3      | Found a blossoming altar of Fedhas.
  2884 | D:3      | Found a white marble altar of Elyvilon.
  3118 | D:3      | Found a glowing golden altar of the Shining One.
  3402 | D:4      | Noticed Pikel
  3402 | D:4      | Noticed a slave
  3402 | D:4      | Noticed a slave
  3404 | D:4      | Noticed a slave
  3408 | D:4      | Noticed a slave
  3419 | D:4      | Killed Pikel
  3419 | D:4      | Reached skill level 5 in Maces & Flails
  3419 | D:4      | Reached XP level 6. HP: 48/48 MP: 6/6
  3419 | D:4      | Gained mutation: When hurt, damage is shared between your
                  | health and your magic reserves. [demonic ancestry]
  3419 | D:4      | Reached XP level 7. HP: 54/54 MP: 7/7
  3538 | D:4      | Found a stormy altar of Qazlal.
  3551 | D:4      | Noticed Dowan
  3551 | D:4      | Noticed Duvessa
  3558 | D:4      | Killed Dowan
  3573 | D:4      | Mangled by Duvessa

Skill      XL: |  1  2  3  4  5  6  7 |
---------------+----------------------+-----
Maces & Flails | 3 5 |  5.5
Dodging        | 3 4 |  4.3
Armour         | 1 2 3 |  3.0
Fighting       | 4 |  4.1
Throwing       | |  1.7

Action                   |  1- 3 |  4- 6 |  7- 9 || total
-------------------------+-------+-------+-------++-------
Melee: Flail             |   113 |    40 |       ||   153
       Whip              |       |   114 |    23 ||   137
       Unarmed           |       |     6 |       ||     6
  Use: Potion            |     1 |       |       ||     1
       Scroll            |       |     7 |       ||     7
 Stab: Sleeping          |       |    12 |     1 ||    13
  Eat: Chunk             |       |     8 |     1 ||     9
Armor: Leather armour    |    34 |       |       ||    34
       Ring mail         |       |    36 |     4 ||    40
       Skin              |       |     1 |       ||     1
Dodge: Dodged            |   103 |    90 |    17 ||   210
